 Dungeon Crawl Stone Soup version 0.27-a0-808-g60bc5d92e6 (webtiles) character file.

Game seed: 8962513474410695975

235 sleeves the Chopper (level 6, -6/48 HPs)
             Began as a Barachi Fighter on Mar 28, 2021.
             Mangled by an ogre
             ... wielding a +0 giant spiked club
              (20 damage)
             ... on level 4 of the Dungeon.
             The game lasted 00:06:28 (3696 turns).

sleeves the Chopper (Barachi Fighter)               Turns: 3696, Time: 00:06:29

Health: -6/48      AC:  7    Str: 18    XL:     6   Next: 6%
Magic:  6/6        EV:  9    Int: 10    God:
Gold:   84         SH:  0    Dex: 11    Spells: 5/5 levels left

rFire    . . .     SeeInvis +   b - +1 dagger (venom)
rCold    . . .     Faith    .   (no shield)
rNeg     . . .     Spirit   .   j - +0 scale mail
rPois    .         Reflect  .   (no helmet)
rElec    .         Harm     .   (no cloak)
rCorr    .         Rampage  .   (no gloves)
Will     .....                  (no boots)
Stlth    ..........             (no amulet)
HPRegen  0.16/turn              i - ring of see invisible
MPRegen  0.10/turn              (no ring)

@: can't hop, slow
A: +LOS, amphibious, slowness 1, strong legs 1
a: Hop


You were on level 4 of the Dungeon.
You visited 1 branch of the dungeon, and saw 4 of its levels.

You collected 154 gold pieces.
You spent 70 gold pieces at shops.

Inventory:

Hand Weapons
 a - a +0 war axe
 b - a +1 dagger of venom (weapon)
   (You took it off a goblin on level 1 of the Dungeon)
 q - a +2 hand axe of freezing
   (You took it off an orc on level 3 of the Dungeon)
Armour
 c - a +0 kite shield
 j - a +0 scale mail (worn)
Jewellery
 i - a ring of see invisible (left hand)
   (You found it on level 1 of the Dungeon)
 m - a ring of wizardry
   (You took it off a kobold on level 2 of the Dungeon)
Scrolls
 e - a scroll of identify
 h - a scroll of enchant armour {unknown}
 o - 2 scrolls of teleportation
Potions
 d - a potion of might
 f - a potion of curing
 g - a potion of degeneration {unknown}
 k - 2 potions of heal wounds
 n - a potion of brilliance {unknown}
 s - a potion of ambrosia {unknown}


   Skills:
 - Level 4.0 Fighting
 + Level 6.4 Axes
 - Level 4.0 Armour
 - Level 3.2 Shields


You had 5 spell levels left.
You didn't know any spells.
Your spell library contained the following spells:

 Spells                   Type           Power      Damage    Failure   Level
 Corona                   Hex            0%         N/A       75%         1
 Magic Dart               Conj           0%         1d3       75%         1
 Blink                    Tloc           N/A        N/A       86%         2
 Call Imp                 Summ           0%         N/A       86%         2
 Ensorcelled Hibernation  Hex/Ice        0%         N/A       86%         2
 Slow                     Hex            0%         N/A       86%         2
 Confusing Touch          Hex            0%         N/A       98%         3
 Conjure Flame            Conj/Fire      0%         6-21      98%         3
 Dazzling Flash           Conj/Hex       0%         N/A       98%         3
 Mephitic Cloud           Conj/Pois/Air  0%         N/A       98%         3
 Tukima's Dance           Hex            0%         N/A       98%         3


Dungeon Overview and Level Annotations

Branches:
Dungeon (4/15)
 Temple: D:4-7

Altars:
Ru
Uskayaw

Shops:
D:1 *   D:2 =*

Annotations:
D:2 1 runed translucent door, Crazy Yiuf


Innate Abilities, Weirdness & Mutations

You can be seen from farther away. (+LOS)
You are amphibious.
You cover ground slowly.
You can hop short distances.


Message History

Thank you for shopping at Atyoduas's General Store!
You can access your shopping list by pressing '$'.
You open the door.
There is an open door here.
You now have 52 gold pieces (gained 18).
A hobgoblin comes into view.
The hobgoblin shouts!
A quokka comes into view.
There are monsters nearby!
There are monsters nearby!
There are monsters nearby!
The hobgoblin barely misses you.
You hit the hobgoblin but do no damage.
The hobgoblin is poisoned.
The hobgoblin hits you but does no damage.
You hit the hobgoblin.
You kill the hobgoblin!
The quokka closely misses you.
You hit the quokka.
The quokka is poisoned.
The quokka is heavily wounded.
The quokka closely misses you.
You hit the quokka but do no damage.
The quokka looks as sick as possible!
The quokka is heavily wounded.
You kill the quokka!
No target in view!
No target in view!
Okay, then.
Found a robe.
An adder comes into view.
The adder hisses angrily.
An adder is nearby!
An adder is nearby!
An adder is nearby!
You hit the adder.
The adder is poisoned.
The adder is lightly wounded.
The adder bites you.
You closely miss the adder.
The adder is lightly wounded.
The adder completely misses you. The adder bites you but does no damage.
You hit the adder but do no damage.
The adder looks as sick as possible!
The adder is moderately wounded.
The adder closely misses you.
You hit the adder.
The adder looks as sick as possible!
The adder is severely wounded.
The adder bites you but does no damage.
You hit the adder.
You kill the adder!
You have reached level 4!
You feel stronger.
A jackal comes into view.
The jackal moves out of view.
A hobgoblin comes into view.
The hobgoblin shouts!
You hear an angry hiss.
A hobgoblin is nearby!
A hobgoblin is nearby!
An adder comes into view.
The adder hisses angrily.
The adder bites you but does no damage.
You hit the adder.
The adder is poisoned.
The adder is moderately wounded.
The adder bites you.
You are poisoned.
The adder poisons you! The adder barely misses you.
You hit the adder.
The adder looks as sick as possible!
The adder is moderately wounded.
You feel sick. The adder bites you but does no damage.
You closely miss the adder.
The adder is severely wounded.
You feel sick. The adder bites you but does no damage.
You miss the adder.
The adder is severely wounded.
You feel sick. The adder completely misses you. The adder barely misses you.
You hit the adder.
The adder is almost dead.
You feel sick.
You are no longer poisoned.
You kill the adder!
You hit the hobgoblin.
The hobgoblin is poisoned.
The hobgoblin is heavily wounded.
The hobgoblin hits you but does no damage.
You barely miss the hobgoblin.
The hobgoblin is almost dead.
The hobgoblin hits you.
You closely miss the hobgoblin.
The hobgoblin is almost dead.
The hobgoblin hits you.
You are too injured to fight recklessly!
You are too injured to fight recklessly!
You are too injured to fight recklessly!
A hobgoblin is nearby!
You closely miss the hobgoblin.
The hobgoblin is severely wounded.
The hobgoblin closely misses you.
You closely miss the hobgoblin.
The hobgoblin is almost dead.
You kill the hobgoblin!
You start resting.
HP restored.
Things that are here:
a hobgoblin corpse; an adder corpse
Found a stone staircase leading down.
l - a scroll labelled WORPHE GOUTA No target in view!
There is a stone staircase leading down here.
A jackal comes into view.
The jackal moves out of view.
A jackal comes into view. x2
The jackal moves out of view.
The jackal barks! x2; You hear a bark! x2
Found a kite shield.
The jackal barks!
The jackal barely misses you.
You completely miss the jackal.
The jackal bites you but does no damage.
The jackal barely misses you.
The jackal bites you but does no damage.
You barely miss the jackal.
The jackal bites you but does no damage. x3
You closely miss the jackal. The jackal closely misses you.
The jackal bites you but does no damage.
The jackal misses you.
You hit the jackal.
The jackal is severely wounded.
The jackal bites you but does no damage. x2
The jackal bites you. The jackal barely misses you. x2
The jackal barely misses you.
You hit the jackal but do no damage.
The jackal is poisoned.
The jackal barely misses you.
You hit the jackal.
The jackal looks as sick as possible!
The jackal is heavily wounded.
You kill the jackal!
The jackal bites you but does no damage.
You closely miss the jackal. The jackal barely misses you.
You hit the jackal.
The jackal is poisoned.
The jackal is moderately wounded.
The jackal barely misses you.
You hit the jackal but do no damage.
The jackal looks as sick as possible!
The jackal is severely wounded.
The jackal bites you but does no damage.
The jackal misses you.
You hit the jackal.
You kill the jackal!
The jackal bites you but does no damage.
You barely miss the jackal. The jackal barely misses you.
You closely miss the jackal. The jackal barely misses you.
The jackal bites you but does no damage.
You hit the jackal.
The jackal is poisoned.
The jackal is moderately wounded.
The jackal bites you but does no damage.
You hit the jackal.
You kill the jackal!
You hit the jackal.
The jackal is poisoned.
The jackal is severely wounded.
You kill the jackal!
No target in view!
No target in view!
No target in view!
No target in view!
No target in view!
No target in view!
No target in view!
No target in view!
No target in view!
No target in view!
No target in view!
No target in view!
No target in view!
You start resting.
HP restored.
Things that are here:
a jackal corpse; a jackal corpse
Things that are here:
a jackal corpse; a jackal corpse
There is a stone staircase leading up here.
Found a stone staircase leading down.
There is a stone staircase leading down here.
Found a stone staircase leading up.
You see here a +0 robe.
A rat comes into view.
A rat is nearby!
A bat, a ball python and a quokka come into view.
The ball python hisses angrily.
You hit the quokka.
The quokka is poisoned.
The quokka is heavily wounded.
The quokka bites you.
You hit the quokka but do no damage.
The quokka looks as sick as possible!
The quokka is almost dead.
You kill the quokka!
The bat misses you. The rat barely misses you.
A frilled lizard comes into view.
The frilled lizard hisses angrily.
You hit the rat but do no damage.
The rat is poisoned.
The rat bites you but does no damage. The bat hits you but does no damage.
You barely miss the rat. The bat hits you. The bat barely misses you.
The rat closely misses you. The bat barely misses you.
You closely miss the ball python. The bat closely misses you.
The rat bites you but does no damage. The ball python closely misses you.
The ball python grabs you. The ball python constricts you.
You barely miss the ball python. The bat hits you. The rat barely misses you.
The ball python bites you. The ball python constricts you.
You barely miss the ball python. The bat barely misses you.
The ball python closely misses you. The ball python constricts you.
The rat bites you but does no damage.
You closely miss the ball python.
You kill the rat!
The bat hits you but does no damage.
The ball python bites you but does no damage.
The ball python constricts you.
You closely miss the ball python.
The ball python bites you but does no damage.
The ball python constricts you. The bat barely misses you.
The ball python bites you but does no damage.
The ball python constricts you.
You barely miss the ball python. The bat barely misses you.
The ball python barely misses you. The ball python constricts you.
The frilled lizard bites you but does no damage.
You hit the ball python.
The ball python is poisoned.
The ball python is severely wounded.
The bat hits you but does no damage.
The ball python bites you but does no damage.
The ball python constricts you.
The frilled lizard bites you but does no damage.
You hit the ball python.
You kill the ball python!
The bat misses you.
The frilled lizard bites you but does no damage.
You hit the frilled lizard.
You kill the frilled lizard!
The bat barely misses you.
Your Axes skill increases to level 5!
You miss the bat. The bat hits you but does no damage.
The bat hits you but does no damage. The bat closely misses you.
You miss the bat. The bat hits you but does no damage.
The bat closely misses you.
You hit the bat.
The bat is poisoned.
The bat is severely wounded.
The bat hits you but does no damage.
You kill the bat!
No target in view!
No target in view!
No target in view!
No target in view!
Okay, then.
Unknown command.
Unknown command.
Unknown command.
Unknown command.
Unknown command.
Unknown command.
Unknown command.
You see here a rat corpse.
A hound comes into view.
The hound barks!
Found 24 bolts.
A hound is nearby!
A hound is nearby!
You hit the hound.
The hound is poisoned.
The hound is lightly wounded.
The hound completely misses you.
You miss the hound.
The hound is lightly wounded.
The hound barely misses you. x2
You closely miss the hound.
The hound is moderately wounded.
The hound bites you but does no damage.
A kobold comes into view. It is wielding a +0 short sword.
The kobold shouts!
You hit the hound.
The hound is heavily wounded.
The hound closely misses you. The hound barely misses you.
You hit the hound.
The hound looks as sick as possible!
The hound is severely wounded.
The hound bites you but does no damage.
You hit the hound but do no damage.
The hound is almost dead.
You kill the hound!
You closely miss the kobold.
The kobold hits you with a +0 short sword.
You completely miss the kobold. The kobold hits you but does no damage.
You hit the kobold.
The kobold is severely wounded.
The kobold hits you but does no damage.
You hit the kobold.
You kill the kobold!
No target in view!
No target in view!
No target in view!
No target in view!
No target in view!
No target in view!
m - a ring of wizardry;
n - a golden potion
o - 2 scrolls labelled EPUOTSU BYECAKK You now have 56 gold pieces (gained 4).
Things that are here:
a +0 short sword; a kobold corpse
There is an open door here.
You pick up a book of Maledictions and begin reading...
You add the spells Corona, Ensorcelled Hibernation, Confusing Touch, Tukima's Dance and Dazzling Flash to your library.
There is an open door here.
Found a faded altar of an unknown god.
Found a mace.
Found a runed translucent door.
Crazy Yiuf shouts!
Crazy Yiuf whimpers, "Trifle mobile broken!"
Found a hunting sling.
You see here a +0 hunting sling.
You see here a +0 hunting sling.
You pick up a book of Minor Magic and begin reading...
You add the spells Magic Dart, Blink, Call Imp, Slow, Conjure Flame and Mephitic Cloud to your library.
There is an open door here.
There is an open door here.
There is a stone staircase leading down here.
You open the door.
A ball python comes into view.
Found a spear and a robe.
A ball python is nearby!
A ball python is nearby!
A ball python is nearby!
Found 8 gold pieces.
There is an open door here.
You completely miss the ball python. The ball python barely misses you.
The ball python closely misses you.
You hit the ball python.
The ball python is poisoned.
The ball python is severely wounded.
The ball python bites you but does no damage.
The ball python barely misses you. x2; The ball python closely misses you.
You hit the ball python but do no damage.
The ball python is severely wounded.
You kill the ball python!
No target in view!
You now have 64 gold pieces (gained 8).
You see here a +0 spear.
You open the door.
A ball python comes into view.
The ball python hisses angrily.
A ball python is nearby!
A ball python is nearby!
A ball python is nearby!
The ball python bites you but does no damage.
The ball python barely misses you.
The ball python bites you but does no damage.
The ball python grabs you. The ball python constricts you.
Found a leather armour.
There is an open door here.
You closely miss the ball python. The ball python closely misses you.
The ball python constricts you.
You barely miss the ball python. The ball python bites you.
The ball python constricts you.
You hit the ball python.
The ball python is poisoned.
The ball python is severely wounded.
The ball python barely misses you. The ball python constricts you.
You barely miss the ball python.
The ball python is severely wounded.
The ball python barely misses you. The ball python constricts you.
You hit the ball python.
You kill the ball python!
A rat comes into view.
You see here a +0 leather armour.
A rat is nearby!
A rat is nearby!
You closely miss the rat. The rat bites you but does no damage.
You hit the rat.
You kill the rat!
No target in view!
You see here a +0 leather armour.
You open the door.
There is an open door here.
Found a robe.
You see here a +0 robe.
You see here a +0 robe.
There is an open door here.
You see here 4 large rocks.
There is a stone staircase leading up here.
You see here a bat skeleton.
Crazy Yiuf shouts!
Crazy Yiuf says, "Announcement!"
Could not explore, unopened runed door.
Could not explore, unopened runed door.
Press: ? - help, v - describe, . - travel
Here: Crazy Yiuf, wielding a +3 quarterstaff of chaos and wearing a +0 cloak (fire blocked by a runed translucent door)
The floor.
Unknown command.
Unknown command.
Unknown command.
Unknown command.
(D) Dungeon
Where to? (Enter - D:2, ? - help)
There is a stone staircase leading down here.
You climb downwards.
A kobold comes into view. It is wielding a +0 club.
There is a stone staircase leading up here.
A kobold is nearby!
A kobold is nearby!
A kobold is nearby!
A kobold is nearby!
The kobold hits you but does no damage.
You barely miss the kobold. The kobold hits you but does no damage.
You barely miss the kobold. The kobold barely misses you.
You hit the kobold.
The kobold is poisoned.
The kobold is severely wounded.
You kill the kobold!
No target in view!
A giant cockroach comes into view.
A giant cockroach is nearby!
A giant cockroach is nearby!
The giant cockroach bites you but does no damage.
The giant cockroach barely misses you.
You hit the giant cockroach but do no damage.
The giant cockroach closely misses you.
You hit the giant cockroach.
The giant cockroach is poisoned.
The giant cockroach is moderately wounded.
The giant cockroach closely misses you.
You hit the giant cockroach but do no damage.
The giant cockroach looks as sick as possible!
The giant cockroach is almost dead.
You kill the giant cockroach!
You have reached level 5!
A hobgoblin comes into view.
The hobgoblin moves out of view.
A hobgoblin is nearby!
A hobgoblin is nearby!
The hobgoblin hits you but does no damage.
The hobgoblin hits you.
You barely miss the hobgoblin. The hobgoblin closely misses you.
You hit the hobgoblin.
The hobgoblin is poisoned.
The hobgoblin is almost dead.
You kill the hobgoblin!
No target in view!
No target in view!
HP restored.
Found a stone staircase leading down.
An orc wizard comes into view. It is wielding a +0 dagger.
The orc wizard shouts!
A gnoll comes into view. It is wielding a +0 halberd.
An orc comes into view.
It is wielding a +1 hand axe of freezing.
The orc wizard moves out of view.
There are monsters nearby!
The gnoll shouts!
A gnoll comes into view. It is wielding a +0 flail.
An orc comes into view. It is wielding a +0 whip.
An orc comes into view. It is wielding a +0 mace.
A gnoll comes into view. It is wielding a +0 halberd.
The orc shouts!
The gnoll shouts! x2
The gnoll moves out of view.
A gnoll comes into view. It is wielding a +0 whip.
The gnoll shouts!
The gnoll hits you with a +0 halberd!
You hit the gnoll but do no damage.
The gnoll is poisoned.
The gnoll hits you with a +0 halberd!
* * * LOW HITPOINT WARNING * * *
The orc wizard points at itself and mumbles some strange words.
The orc wizard flickers and vanishes for a moment.
Hop to where?
Press: ? - help, Dir - move target Boing!
You aren't carrying any items that you can evoke.
The gnoll hits you but does no damage.
You hit the gnoll but do no damage.
The gnoll is poisoned.
The gnoll is almost dead.
You kill the gnoll!
Training target 4.0 for Fighting reached!
Training target 4.0 for Armour reached!
Your Fighting skill increases to level 4!
Your Armour skill increases to level 4!
You closely miss the orc. The orc hits you with a +0 mace.
You hit the orc.
The orc is poisoned.
The orc is heavily wounded.
The orc hits you but does no damage.
You hit the orc.
The orc looks as sick as possible!
The orc is severely wounded.
You kill the orc!
There are monsters nearby!
You hit the orc.
The orc is poisoned.
The orc is heavily wounded.
The orc hits you but does no damage.
You barely miss the orc.
The orc is heavily wounded.
You kill the orc!
You hit the gnoll.
The gnoll is poisoned.
The gnoll is moderately wounded.
The gnoll barely misses you.
You hit the gnoll but do no damage.
The gnoll looks as sick as possible!
The gnoll is moderately wounded.
The gnoll hits you with a +0 whip.
* * * LOW HITPOINT WARNING * * *
You barely miss the gnoll.
The gnoll is heavily wounded.
The gnoll hits you with a +0 whip.
* * * LOW HITPOINT WARNING * * *
You hit the gnoll.
The gnoll looks as sick as possible!
The gnoll is heavily wounded.
The gnoll closely misses you.
You hit the gnoll.
The gnoll is almost dead.
You kill the gnoll!
You are ready to hop once more.
An orc wizard is nearby!
An orc wizard is nearby!
You are too injured to fight recklessly!
You barely miss the orc wizard.
The orc wizard hits you but does no damage.
You hit the orc wizard but do no damage.
The orc wizard is poisoned.
The orc wizard gestures at itself while chanting.
The orc wizard flickers and vanishes for a moment.
You closely miss the orc wizard. The orc wizard barely misses you.
You completely miss the orc wizard.
The orc wizard is lightly wounded.
The orc wizard barely misses you.
You miss the orc wizard.
The orc wizard is lightly wounded.
The orc wizard casts a spell at you. The puff of flame hits you.
* * * LOW HITPOINT WARNING * * *
You hit the orc wizard.
The orc wizard looks as sick as possible!
The orc wizard is moderately wounded.
The orc wizard hits you but does no damage.
You hit the orc wizard but do no damage.
The orc wizard looks as sick as possible!
The orc wizard is heavily wounded.
The orc wizard barely misses you.
You hit the orc wizard but do no damage.
The orc wizard looks as sick as possible!
The orc wizard is heavily wounded.
The orc wizard closely misses you.
You hit the orc wizard but do no damage.
The orc wizard looks as sick as possible!
The orc wizard is almost dead.
You kill the orc wizard!
You see here a +0 club.
You start resting.
HP restored.
Items here: ))) [ ††.
Items here: )) [ ÷÷.
Found a hide-covered altar of Uskayaw.
A rat comes into view.
There is a hide-covered altar of Uskayaw here.
A rat is nearby!
A rat is nearby!
You barely miss the rat. The rat bites you but does no damage.
You closely miss the rat. The rat bites you but does no damage.
You hit the rat.
You kill the rat!
No reachable target in view!
p - a scroll labelled FICVENI AFAONI A centaur skeleton comes into view.
Found a club and a potion of heal wounds.
A centaur skeleton is nearby!
A hobgoblin comes into view.
The hobgoblin shouts!
The centaur skeleton barely misses you.
The centaur skeleton kicks you but does no damage.
You hit the centaur skeleton.
The centaur skeleton is lightly damaged.
The centaur skeleton barely misses you.
The centaur skeleton kicks you but does no damage.
The centaur skeleton hits you. The centaur skeleton barely misses you.
You hit the centaur skeleton but do no damage.
The centaur skeleton is lightly damaged.
The centaur skeleton completely misses you.
The centaur skeleton kicks you but does no damage.
The hobgoblin hits you but does no damage.
You hit the centaur skeleton.
The centaur skeleton is lightly damaged.
The centaur skeleton barely misses you.
The centaur skeleton kicks you but does no damage.
The hobgoblin hits you but does no damage.
You hit the centaur skeleton.
The centaur skeleton is moderately damaged.
The centaur skeleton hits you but does no damage.
The centaur skeleton kicks you but does no damage.
The hobgoblin hits you.
The centaur skeleton completely misses you.
The centaur skeleton kicks you but does no damage.
The hobgoblin closely misses you.
Your +1 dagger of venom stops dripping with poison.
a - a +0 war axe (weapon)
The centaur skeleton hits you but does no damage.
The centaur skeleton barely misses you.
The hobgoblin hits you but does no damage.
You hit the centaur skeleton but do no damage.
The centaur skeleton is moderately damaged.
The centaur skeleton barely misses you. The centaur skeleton kicks you.
You hit the hobgoblin.
The hobgoblin is moderately wounded.
You closely miss the hobgoblin.
The hobgoblin is moderately wounded.
The hobgoblin barely misses you.
You hit the hobgoblin.
The hobgoblin is severely wounded.
The hobgoblin hits you.
You hit the hobgoblin.
You kill the hobgoblin!
You hit the centaur skeleton.
The centaur skeleton is moderately damaged.
The centaur skeleton hits you but does no damage.
The centaur skeleton barely misses you.
The centaur skeleton completely misses you.
The centaur skeleton kicks you but does no damage.
You hit the centaur skeleton but do no damage.
The centaur skeleton is moderately damaged.
The centaur skeleton hits you but does no damage.
The centaur skeleton closely misses you.
You hit the centaur skeleton.
The centaur skeleton is heavily damaged.
The centaur skeleton hits you but does no damage.
The centaur skeleton kicks you but does no damage.
The centaur skeleton hits you but does no damage.
The centaur skeleton kicks you.
You hit the centaur skeleton.
The centaur skeleton is heavily damaged.
The centaur skeleton hits you but does no damage.
The centaur skeleton kicks you but does no damage.
You slash the centaur skeleton!
The centaur skeleton is almost destroyed.
The centaur skeleton completely misses you.
The centaur skeleton kicks you but does no damage.
The centaur skeleton barely misses you. The centaur skeleton misses you.
You hit the centaur skeleton.
You destroy the centaur skeleton!
Your Axes skill increases to level 6!
No target in view!
No target in view!
No target in view!
No target in view!
No target in view!
No target in view!
No target in view!
You are now empty-handed.
Okay, then.
Adjust (i)tems, (s)pells, or (a)bilities?
j - a +1 dagger of venom Adjust to which letter? (? for menu, Esc to quit)
b - a +1 dagger of venom;
j - a +0 scale mail (worn)
a - a +0 war axe (weapon)
Your +1 dagger of venom begins to drip with poison!
b - a +1 dagger of venom (weapon)
You see here a +0 club.
Found a stone staircase leading up.
k - 2 potions of heal wounds (gained 1)
A bat comes into view.
The bat moves out of view.
A bat is nearby!
A rat comes into view.
The bat barely misses you.
You hit the bat.
You kill the bat!
The rat misses you.
You hit the rat.
You kill the rat!
No target in view!
No target in view!
A gnoll is nearby!
A gnoll is nearby!
A gnoll is nearby!
A gnoll is nearby!
The gnoll shouts!
You hear a shout!
Found a sacrificial altar of Ru.
The gnoll completely misses you.
You hit the gnoll.
The gnoll is poisoned.
The gnoll is moderately wounded.
The gnoll hits you from afar with a +0 halberd.
The gnoll hits you with a +0 flail.
You barely miss the gnoll.
The gnoll is moderately wounded.
The gnoll hits you but does no damage. The gnoll barely misses you.
You hit the gnoll but do no damage.
The gnoll looks even sicker.
The gnoll is severely wounded.
Hop to where?
Press: ? - help, Dir - move target Boing!
Unknown command.
You kill the gnoll!
You hit the orc.
The orc is heavily wounded.
The orc barely misses you.
You closely miss the orc.
The orc is heavily wounded.
The gnoll closely misses you. The orc hits you but does no damage.
You hit the orc.
The orc is poisoned.
The orc is almost dead.
The gnoll hits you from afar with a +0 halberd.
The orc hits you with a +1 hand axe of freezing.
The orc freezes you.
You kill the orc!
The gnoll hits you but does no damage.
The gnoll hits you from afar with a +0 halberd.
The gnoll hits you with a +0 halberd.
You see here a +1 hand axe of freezing.
You hit the gnoll.
The gnoll is poisoned.
The gnoll is lightly wounded.
The gnoll barely misses you.
You closely miss the gnoll.
The gnoll is moderately wounded.
The gnoll barely misses you.
You hit the gnoll.
The gnoll looks as sick as possible!
The gnoll is heavily wounded.
The gnoll barely misses you.
q - a +1 hand axe of freezing You kill the gnoll!
You start resting.
You are ready to hop once more.
You start resting.
HP restored.
You see here a +0 halberd.
You see here a bat corpse.
You see here a +0 flail.
Found a stone staircase leading down.
e - 2 scrolls labelled PUIBBE YREA (gained 1)
A ball python comes into view.
The ball python hisses angrily.
A ball python is nearby!
A ball python is nearby!
You hit the ball python but do no damage.
The ball python is poisoned.
The ball python bites you but does no damage.
The ball python grabs you. The ball python constricts you.
You closely miss the ball python.
The ball python bites you but does no damage.
The ball python constricts you.
You hit the ball python.
You kill the ball python!
An endoplasm comes into view.
The endoplasm quivers.
You see here a scroll labelled ESERY OLALLI.
An endoplasm is nearby!
An endoplasm is nearby!
An endoplasm is nearby!
You hit the endoplasm.
The endoplasm is lightly wounded.
The endoplasm freezes you.
You are frozen.
You hit the endoplasm.
The endoplasm is moderately wounded.
The endoplasm hits you but does no damage.
You hit the endoplasm.
The endoplasm is severely wounded.
The endoplasm hits you but does no damage.
You hit the endoplasm but do no damage.
The endoplasm is severely wounded.
The endoplasm hits you but does no damage.
You hit the endoplasm.
You kill the endoplasm!
No target in view!
No target in view!
No target in view!
r - a scroll labelled ESERY OLALLI
s - a metallic inky potion A ball python comes into view.
The ball python hisses angrily.
A ball python is nearby!
The ball python closely misses you. x2
You completely miss the ball python. The ball python closely misses you.
The ball python barely misses you.
You closely miss the ball python.
The ball python bites you but does no damage.
The ball python completely misses you. The ball python closely misses you.
The ball python grabs you. The ball python constricts you.
You hit the ball python.
The ball python is poisoned.
The ball python is heavily wounded.
The ball python bites you but does no damage.
The ball python constricts you.
You hit the ball python.
The ball python looks as sick as possible!
The ball python is severely wounded.
You kill the ball python!
You have reached level 6!
Your experience leads to an increase in your attributes!
Increase (S)trength, (I)ntelligence, or (D)exterity?
You feel clever.
Found a leather armour.
You open the gate. 7 kobolds come into view.
A kobold is wielding a +0 dagger and quivering poisoned darts.
The kobold shouts! x5
Found a scroll labelled EPUOTSU BYECAKK and 8 gold pieces.
There are monsters nearby!
There are monsters nearby!
There are monsters nearby!
You miss the kobold. The kobold hits you but does no damage.
Your scale mail prevents you from hitting the kobold.
The kobold hits you but does no damage.
You closely miss the kobold. The kobold hits you but does no damage.
You barely miss the kobold. The kobold barely misses you.
You hit the kobold.
The kobold is poisoned.
The kobold is severely wounded.
The kobold hits you but does no damage.
You closely miss the kobold.
The kobold is severely wounded.
You kill the kobold!
You hit the kobold.
You kill the kobold!
You hit the kobold.
You kill the kobold!
You hit the kobold.
You kill the kobold!
You closely miss the kobold. The kobold closely misses you.
You barely miss the kobold. The kobold hits you but does no damage.
You hit the kobold but do no damage.
The kobold is poisoned.
The kobold closely misses you.
You hit the kobold.
The kobold looks as sick as possible!
The kobold is moderately wounded.
The kobold hits you with a +0 whip.
You hit the kobold.
You kill the kobold!
You hit the kobold but do no damage.
The kobold is poisoned.
The kobold barely misses you.
You closely miss the kobold.
The kobold is moderately wounded.
The kobold hits you but does no damage.
You hit the kobold.
The kobold looks as sick as possible!
The kobold is severely wounded.
You kill the kobold!
The kobold throws a stone.
The stone closely misses you. The kobold hits you with a +0 dagger.
Items here: (( )))))) †.
You hit the kobold.
The kobold is poisoned.
The kobold is severely wounded.
You kill the kobold!
No target in view!
No target in view!
No target in view!
No target in view!
No target in view!
No target in view!
No target in view!
No target in view!
No target in view!
No target in view!
Things that are here:
a +0 dagger; 2 stones
There is an open gate here.
o - 3 scrolls labelled EPUOTSU BYECAKK (gained 1)
You now have 72 gold pieces (gained 8).
You open the door.
There is an open door here.
A kobold comes into view.
It is wielding a +0 dagger of holy wrath.
A kobold is nearby!
A kobold is nearby!
A kobold is nearby!
You hit the kobold.
The kobold is poisoned.
The kobold is moderately wounded.
You kill the kobold!
No target in view!
No target in view!
No target in view!
Things that are here:
a +0 dagger of holy wrath; a kobold corpse You open the door.
Found two rat skeletons. 8 endoplasms and 3 jellies come into view.
The endoplasm quivers. x2; The jelly quivers.
The endoplasm quivers. x5
The jelly quivers. x2; The endoplasm quivers.
The endoplasm hits the fungus.
The fungus begins to die.
The endoplasm hits the fungus.
The fungus begins to die.
The jelly hits the fungus.
The fungus begins to die.
The fungus is splashed with acid.
The acid corrodes the fungus!
The endoplasm barely misses you.
Found a rat skeleton, a goblin skeleton and 23 arrows.
There is an open door here.
There are monsters nearby!
There are monsters nearby!
You hit the endoplasm.
The endoplasm is heavily wounded.
The endoplasm barely misses you.
You hit the endoplasm.
The endoplasm is almost dead.
The endoplasm barely misses you.
You hit the endoplasm but do no damage.
The endoplasm is almost dead.
The endoplasm freezes you.
You are frozen.
You hit the endoplasm.
You kill the endoplasm!
You hit the endoplasm.
The endoplasm is poisoned.
The endoplasm is almost dead.
You kill the endoplasm!
The endoplasm closely misses you. The jelly hits you but does no damage.
The endoplasm hits you but does no damage.
There is an open door here.
You hit the jelly.
Your hands burn!
The jelly is lightly wounded.
The jelly hits you but does no damage.
Your scale mail prevents you from hitting the jelly.
The jelly is lightly wounded.
The jelly hits you but does no damage.
You hit the jelly.
Your hands burn!
The jelly is moderately wounded.
The jelly jiggles.
The jelly hits you.
You are splashed with acid!
Hop to where?
Press: ? - help, Dir - move target Boing!
There is an open door here.
You close the door.
You start resting.
You hear a slurping noise.
The jelly eats the door!
Okay, then.
Unknown command.
You aren't carrying any items that you can evoke.
Okay, then.
Okay, then.
The jelly hits you but does no damage. The jelly hits you but does no damage.
As you read the scroll labelled ESERY OLALLI, it crumbles to dust.
The creatures around you are filled with an inner flame!
It was a scroll of immolation.
The jelly hits you.
You are splashed with acid.
As you read the scroll labelled WORPHE GOUTA, it crumbles to dust.
You feel aware of your surroundings.
You sensed 2 altars.
It was a scroll of magic mapping.
The jelly hits you but does no damage. x2
As you read the scroll labelled FICVENI AFAONI, it crumbles to dust.
It is a scroll of enchant weapon.
Your +1 hand axe of freezing glows red for a moment.
The jelly hits you but does no damage. The jelly closely misses you.
As you read the scroll labelled PUIBBE YREA, it crumbles to dust.
It is a scroll of identify.
f - a potion of curing The jelly hits you but does no damage.
The jelly completely misses you.
As you read the scroll labelled EPUOTSU BYECAKK, it crumbles to dust.
You feel strangely unstable.
It was a scroll of teleportation.
The jelly hits you. The acid corrodes you!
You are splashed with acid!
* * * LOW HITPOINT WARNING * * *
The jelly hits you.
* * * LOW HITPOINT WARNING * * *
You are splashed with acid.
* * * LOW HITPOINT WARNING * * *
Your surroundings suddenly seem different.
There is a stone staircase leading up here.
You start resting.
You are no longer corroded.
You start resting.
You are ready to hop once more.
You start resting.
HP restored.
(D) Dungeon
Where to? (Enter - D:3 @ (x,y), ? - help)
You see here a +0 club.
You see here a +0 halberd.
You see here a +0 flail.
There is a stone staircase leading down here.
You climb downwards.
There is a stone staircase leading up here.
Found a short sword.
Found 15 bolts and 13 stones.
You see here 15 bolts.
Found a stone staircase leading up.
No target in view!
There is a stone staircase leading up here.
Found a hunting sling.
There is a stone staircase leading up here.
You climb upwards.
There is a stone staircase leading down here.
You now have 84 gold pieces (gained 12).
An endoplasm comes into view.
The endoplasm closely misses you.
You hit the endoplasm.
The endoplasm is heavily wounded.
The endoplasm hits you but does no damage.
You hit the endoplasm.
The endoplasm is almost dead.
The endoplasm freezes you.
You are frozen.
You hit the endoplasm.
You kill the endoplasm!
No target in view!
(D) Dungeon
Where to? (Enter - D:4 @ (x,y), ? - help)
There is a stone staircase leading down here.
You climb downwards.
There is a stone staircase leading up here.
HP restored.
Found a robe.
You see here a +0 hunting sling.
An ogre comes into view. It is wielding a +0 giant spiked club.
The ogre shouts!
An ogre is nearby!
An ogre is nearby!
You aren't carrying any items that you can evoke.
There is a stone staircase leading up here.
You hit the ogre.
The ogre is lightly wounded.
You barely miss the ogre.
The ogre is lightly wounded.
The ogre hits you with a +0 giant spiked club!!
You hit the ogre.
The ogre is poisoned.
The ogre is moderately wounded.
The ogre barely misses you.
You hit the ogre.
The ogre looks as sick as possible!
The ogre is moderately wounded.
The ogre barely misses you.
Hop to where?
Press: ? - help, Dir - move target Boing!
You hit the ogre.
The ogre looks as sick as possible!
The ogre is heavily wounded.
The ogre hits you with a +0 giant spiked club!
* * * LOW HITPOINT WARNING * * *
The ogre hits you with a +0 giant spiked club!!
You die...

#########
#....(..########
#.#...(.........
#°#.###.########
#.#.# #.#...##
#.#.#
#..###.#####
#O#.# #..#
#.....# #@#.#
##.###......
#.#.#
##....#.#.#
#.#.# ##.#.#.# #
#.#.# #.#.#.#
#.#.# # #.#.#
#.#.# #<#.#
##...# #.#.#
#..)## #.#.#
#...# #.#..


You could see an ogre (extremely poisoned).

Vanquished Creatures
  A hound (D:2)
  A centaur skeleton (D:3)
  An orc wizard (D:3)
  4 gnolls (D:3)
  3 adders (D:2)
  A worm (D:2)
  3 orcs (D:3)
  8 endoplasms
  2 giant cockroaches
  3 goblins (D:1)
  7 hobgoblins
  4 jackals (D:2)
  13 kobolds
  5 quokkas
  6 ball pythons
  9 bats
  4 frilled lizards
  8 rats
83 creatures vanquished.

Vanquished Creatures (others)
  10 fungi (D:3)
  5 plants (D:2)
  8 toadstools (D:3)
23 creatures vanquished.

Grand Total: 106 creatures vanquished

Notes
Turn   | Place    | Note
-------+----------+-------------------------------------------
     0 | D:1      | sleeves the Barachi Fighter began the quest for the Orb.
     0 | D:1      | Reached XP level 1. HP: 18/18 MP: 1/1
    43 | D:1      | HP: 8/18 [hobgoblin (4)]
    58 | D:1      | HP: 5/18 [endoplasm/Freeze (4)]
    60 | D:1      | Reached skill level 3 in Axes
    60 | D:1      | Reached XP level 2. HP: 7/24 MP: 2/2
   273 | D:1      | Found Niwueda's Assorted Antiques.
   321 | D:1      | HP: 12/24 [rat (1)]
   784 | D:1      | HP: 11/24 [poisoned by a goblin]
   785 | D:1      | Reached XP level 3. HP: 13/29 MP: 3/3
   789 | D:1      | HP: 8/29 [poisoned by a goblin]
  1221 | D:2      | Reached skill level 4 in Axes
  1257 | D:2      | Found Fiorayso's Jewellery Boutique.
  1440 | D:2      | Found Atyoduas's General Store.
  1443 | D:2      | Bought a potion of heal wounds for 70 gold pieces
  1512 | D:2      | Reached XP level 4. HP: 35/36 MP: 4/4
  1927 | D:2      | Reached skill level 5 in Axes
  1994 | D:2      | Found a faded altar of an unknown god.
  2023 | D:2      | Found a runed translucent door.
  2024 | D:2      | Noticed Crazy Yiuf
  2408 | D:3      | Reached XP level 5. HP: 42/42 MP: 5/5
  2454 | D:3      | HP: 21/42 [gnoll/+0 halberd (11)]
  2473 | D:3      | Reached skill level 4 in Fighting
  2473 | D:3      | Reached skill level 4 in Armour
  2487 | D:3      | HP: 21/42 [gnoll/+0 whip (4)]
  2505 | D:3      | HP: 19/42 [orc wizard/puff of flame (4)]
  2696 | D:3      | Noticed a +0 hand axe
  2696 | D:3      | Noticed a +0 dagger
  2697 | D:3      | Found a hide-covered altar of Uskayaw.
  2790 | D:3      | Reached skill level 6 in Axes
  2888 | D:3      | Found a sacrificial altar of Ru.
  3177 | D:3      | Reached XP level 6. HP: 47/48 MP: 6/6
  3302 | D:3      | HP: 16/48 [acid (9)]
  3695 | D:4      | HP: 14/48 [ogre/+0 giant spiked club (15)]
  3696 | D:4      | Mangled by an ogre

Illustrated notes

Levels and vault maps discovered:
D:1:      lemuel_arrival_hallway, layout_basic, serial_shops, shop,
          minmay_pentomino_z4
D:2:      layout_basic, serial_shops, nicolae_shop_stone,
          nicolae_shop_behind_doors, chequers_ecumenical_altar_lobes,
          kennysheep_generic_room_10, uniq_crazy_yiuf_cottage
D:3:      cheibrodos_fertilizer, layout_basic, lemuel_coloured_pillars_altar,
          dancing_weapons_uskayaw, old_standard_altar,
          ebering_dispersal_statue_hall, hex_tiny, nicolae_ru_path_of_blood
D:4:      layout_loops_ring, skrybe_limestone_x, cheibrodos_gnoll_hut

Skill      XL: |  1  2  3  4  5 |
---------------+----------------+-----
Axes           | 3 4 5 6 |  6.4
Fighting       | 4 |  4.0
Armour         | 4 |  4.0
Shields        | |  3.2

Action                   |  1- 3 |  4- 6 || total
-------------------------+-------+-------++-------
Melee: War axe           |    79 |    11 ||    90
       Dagger            |    15 |   155 ||   170
 Abil: Hop               |       |     4 ||     4
  Use: Scroll            |       |     5 ||     5
Armor: Scale mail        |    49 |   100 ||   149
Dodge: Dodged            |    44 |   104 ||   148

Table legend: (Time is in decaauts)
 A = Elapsed time spent in this place.
 B = Non-inter-level travel time spent in this place.
 C = Inter-level travel time spent in this place.
 D = Time resting spent in this place.
 E = Time spent auto-exploring this place.
 F = Levels seen in this place.
 G = Mean time per level.
                   A        B        C        D        E       F      G
               +--------+--------+--------+--------+--------+-----+--------+
         Total |   4051 |   3864 |    187 |   1201 |   1994 |   4 | 1012.8 |
       Dungeon |   4051 |   3864 |    187 |   1201 |   1994 |   4 | 1012.8 |
               +--------+--------+--------+--------+--------+-----+--------+

Top non-repeatable levels by time:
     D:2: 1335 daAuts
     D:3: 1326 daAuts
     D:1: 1308 daAuts
     D:4: 80 daAuts
